 Dungeon Crawl Stone Soup version 0.20.1-1-g8b1a95d (webtiles) character file.

9428 Mesmaeker13 the Nimble (level 11, -7/74 HPs)
             Began as a Green Draconian Wizard on Aug 31, 2017.
             Was an Elder of Sif Muna.
             Mangled by a crocodile (11 damage)
             ... on level 1 of the Lair of Beasts.
             The game lasted 00:45:23 (19463 turns).

Mesmaeker13 the Nimble (Green Draconian Wizard)    Turns: 19463, Time: 00:45:24

Health: -7/74      AC: 10    Str: 16    XL:     11   Next: 22%
Magic:  31/31      EV: 16    Int: 21    God:    Sif Muna [****..]
Gold:   362        SH:  0    Dex:  9    Spells: 19/25 levels left

rFire    + + .     SeeInvis .   r - +1 dagger (flame)
rCold    . . .     Gourm    .   (no shield)
rNeg     . . .     Faith    .   (armour unavailable)
rPois    +         Spirit   .   a - +0 hat
rElec    .         Reflect  .   (no cloak)
rCorr    .         Harm     .   G - +1 pair of gloves "Hureno" {rF++}
MR       .....                  n - +0 pair of boots
Stlth    ++........             F - amulet of magic regeneration
Regen    0.3/turn               m - +5 ring of strength
MPRegen  0.4/turn               x - ring of magical power

@: lethally poisoned (-7 -> -25), short of breath
A: breathe noxious fumes, unfitting armour, poison resistance, cold-blooded, AC
+7
a: Breathe Noxious Fumes, Divine Energy, Channel Magic, Forget Spell, Renounce
Religion


You were on level 1 of the Lair of Beasts.
You worshipped Sif Muna.
Sif Muna was greatly pleased with you.
You were very hungry.

You visited 3 branches of the dungeon, and saw 12 of its levels.

You collected 703 gold pieces.
You spent 341 gold pieces at shops.

Inventory:

Hand Weapons
 r - a +1 dagger of flaming (weapon)
Missiles
 c - 12 curare-tipped needles
 u - 173 arrows
 D - 5 needles of sleeping
Armour
 a - a +0 hat (worn)
 n - a +0 pair of boots (worn)
 G - the +1 pair of gloves "Hureno" (worn) {rF++}
   (You bought it in a shop on level 4 of the Dungeon)

   It greatly protects you from fire.
Jewellery
 m - a +5 ring of strength (left hand)
 o - an uncursed ring of resist corrosion
 x - a ring of magical power (right hand)
 F - an amulet of magic regeneration (around neck)
 L - an uncursed amulet of rage {unknown}
Wands
 z - a wand of confusion (6/48)
 J - a wand of flame (22/48)
 Q - a wand of iceblast (3/15)
Scrolls
 d - 2 scrolls of enchant weapon
 s - 3 scrolls of remove curse
 t - 3 scrolls of enchant armour
 v - 6 scrolls of teleportation
 y - a scroll of blinking
 H - 4 scrolls of recharging
 K - a scroll of identify
 M - a scroll of amnesia {unknown}
 O - a scroll of silence {unknown}
Potions
 e - 2 potions of haste
 g - a potion of brilliance {unknown}
 h - a potion of flight
 i - a potion of heal wounds
 k - a potion of lignification {unknown}
 p - 3 potions of mutation
 B - 4 potions of might
 C - 4 potions of degeneration {unknown}
 E - 2 potions of curing
 I - a potion of cancellation
 N - a potion of berserk rage {unknown}
Books
 b - a book of Minor Magic

   Spells                             Type                      Level
   a - Magic Dart                     Conjuration                  1
   b - Blink                          Translocation                2
   c - Call Imp                       Summoning                    2
   d - Slow                           Hexes                        2
   e - Conjure Flame                  Conjuration/Fire             3
   f - Mephitic Cloud                 Conjuration/Poison/Air       3
 q - a book of Maledictions

   Spells                             Type                      Level
   a - Corona                         Hexes                        1
   b - Ensorcelled Hibernation        Hexes/Ice                    2
   c - Confuse                        Hexes                        3
   d - Tukima's Dance                 Hexes                        3
   e - Dazzling Spray                 Conjuration/Hexes            3
 w - a book of Changes

   Spells                             Type                      Level
   a - Beastly Appendage              Transmutation                1
   b - Sticks to Snakes               Transmutation                2
   c - Spider Form                    Transmutation/Poison         3
   d - Ice Form                       Ice/Transmutation            4
   e - Blade Hands                    Transmutation                5
Comestibles
 f - 2 royal jellies
 j - 4 bread rations
 l - 28 fruits
 A - 2 meat rations
 P - 4 chunks of flesh


   Skills:
 + Level 8.8 Dodging
 - Level 1.7 Stealth
 + Level 7.7 Spellcasting
 - Level 8.0 Conjurations
 - Level 3.0 Summonings
   Level 1.0 Translocations
 + Level 4.5 Air Magic
 - Level 7.2 Poison Magic
 + Level 6.1 Invocations


You had 19 spell levels left.
You knew the following spells:

 Your Spells              Type           Power        Failure   Level  Hunger
a - Magic Dart            Conj           ####         1%          1    None
b - Call Imp              Summ           ###.....     3%          2    None
c - Mephitic Cloud        Conj/Pois/Air  #####...     1%          3    None


Dungeon Overview and Level Annotations

Branches:
Dungeon (10/15)            Temple (1/1) D:4            Lair (1/6) D:8
    Orc (0/2) D:10

Altars:
Ashenzari
Cheibriados
Dithmenos
Elyvilon
Fedhas
Gozag
Hepliaklqana
Kikubaaqudgha
Makhleb
Nemelex Xobeh
Okawaru
Qazlal
Ru
Sif Muna
Trog
Uskayaw
Vehumet
Xom
Yredelemnul
Zin
The Shining One

Shops:
D:4 [   D:7 ?   D:8 ?([

Annotations:
D:7 Falk's ghost, novice MfTm


Innate Abilities, Weirdness & Mutations

You can breathe blasts of noxious fumes.
Your lurid green scales are hard. (AC +7)
You cannot fit into any form of body armour.
Your system is resistant to poisons. (rPois)
You are cold-blooded and may be slowed by cold attacks.


Message History

You feel sick. The water moccasin bites you.
* * * LOW HITPOINT WARNING * * *
You hit the water moccasin but do no damage.
Your tail-slap misses the water moccasin.
The water moccasin is almost dead.
You feel sick. The water moccasin bites you.
* * * LOW HITPOINT WARNING * * *
You are lethally poisoned!
The water moccasin poisons you! The water moccasin bites you!
* * * LOW HITPOINT WARNING * * *
You hit the water moccasin. You burn the water moccasin.
You kill the water moccasin!
Sif Muna accepts your kill.
* * * LOW HITPOINT WARNING * * *
You feel sick.
You hit the crocodile but do no damage.
The crocodile is moderately wounded.
* * * LOW HITPOINT WARNING * * *
You feel sick. The crocodile bites you!
You die...

#.. .... ..
...#....(..##.#
#.>...P.#...#..#
#.#...P........#
#.....#.#.#....#.
......#..........
..#......?.......
........#<.......
#@t.P......
#.#........
#..........
#...#....#.
...#.#..#...
#.#.#.#....#.
...[.#.#.#...
..#.#.P.# #.#.
..#. ..P .#


You could see a crocodile.

Vanquished Creatures
  2 trolls
  4 polar bears (D:10)
  The ghost of torrenera the Ruffian, an amateur TrWr (D:4)
  3 hippogriffs
  A hungry ghost (D:8)
  14 yaks
  A water moccasin (Lair:1)
  4 porcupines (D:8)
  3 ice beasts
  A sky beast (D:5)
  An orc warrior (D:9)
  4 ogres
  A phantom (D:8)
  2 black bears
  A necrophage (D:10)
  5 centaurs
  3 crocodiles (D:8)
  3 big kobolds
  7 bullfrogs
  A wyvern zombie (D:10)
  4 scorpions
  8 killer bees
  4 wights
  3 howler monkeys
  An electric eel (D:10)
  A bullfrog zombie (D:8)
  5 crimson imps
  2 quasits
  A centaur zombie (D:8)
  5 hounds
  2 orc wizards
  3 jellies
  10 orc priests
  A bullfrog skeleton (D:10)
  A centaur skeleton (D:9)
  7 worker ants
  A worker ant zombie (D:10)
  5 gnolls
  A howler monkey zombie (D:7)
  13 adders
  5 shadow imps
  2 white imps (D:10)
  3 oozes
  3 adder skeletons
  3 worms
  2 dart slugs
  7 leopard geckos
  28 orcs
  A giant cockroach (D:3)
  5 goblins
  3 hobgoblins
  14 jackals
  13 kobolds
  5 quokkas
  12 bats
  6 frilled lizards
  10 rats
262 creatures vanquished.

Vanquished Creatures (collateral kills)
  A gargoyle (D:8)
  A soldier ant (D:10)
  A water moccasin (D:6)
  2 ice beasts
  An orc warrior (D:10)
  A necrophage (D:7)
  A crocodile (D:9)
  A wyvern zombie (D:10)
  A water moccasin zombie (D:9)
  A howler monkey (D:5)
  A crimson imp (D:9)
  A bullfrog zombie (D:6)
  A hound (D:4)
  2 orc wizards
  An iguana (D:3)
  A worker ant zombie (D:5)
  7 adders
  3 worms
  4 orcs
  A goblin (D:3)
  3 jackals (D:3)
  A kobold (D:3)
  2 rats (D:3)
39 creatures vanquished.

Vanquished Creatures (others)
  A bush (D:8)
  5 fungi (D:8)
  5 plants (D:8)
11 creatures vanquished.

Grand Total: 312 creatures vanquished

Notes
Turn   | Place    | Note
-------+----------+-------------------------------------------
     0 | D:1      | Mesmaeker13 the Draconian Wizard began the quest for the Orb.
     0 | D:1      | Reached XP level 1. HP: 14/14 MP: 4/4
   335 | D:1      | Reached XP level 2. HP: 6/20 MP: 0/6
   384 | D:1      | HP: 1/20 [kobold/club (4)]
  1415 | D:2      | Learned a level 2 spell: Call Imp
  1792 | D:2      | Found a sparkling altar of Nemelex Xobeh.
  2085 | D:2      | Reached XP level 3. HP: 26/26 MP: 5/7
  3453 | D:3      | Learned a level 3 spell: Mephitic Cloud
  3605 | D:3      | You fall through a shaft!
  3675 | D:2      | Reached XP level 4. HP: 27/33 MP: 0/8
  4026 | D:3      | Reached skill level 1 in Air Magic
  4382 | D:3      | Reached skill level 1 in Poison Magic
  4687 | D:3      | Reached XP level 5. HP: 7/38 MP: 0/9
  5450 | D:4      | Noticed torrenera's ghost (amateur TrWr)
  5829 | D:4      | Found Selomne's Antique Armour Emporium.
  5838 | D:4      | Found a staircase to the Ecumenical Temple.
  5848 | Temple   | Entered the Ecumenical Temple
  5958 | Temple   | Became a worshipper of Sif Muna the Loreminder
  6063 | D:4      | Found a blossoming altar of Fedhas.
  6313 | D:4      | Noticed an ogre
  6366 | D:4      | Killed an ogre
  6366 | D:4      | Reached XP level 6. HP: 27/45 MP: 0/10
  6707 | D:5      | Entered Level 5 of the Dungeon
  7650 | D:5      | Found a shadowy altar of Dithmenos.
  7773 | D:5      | Noticed a sky beast
  7810 | D:5      | Killed a sky beast
  8152 | D:6      | Noticed an ice beast
  8272 | D:6      | Your scales start taking on a lurid green colour.
  8272 | D:6      | Reached XP level 7. HP: 47/50 MP: 11/11
  8272 | D:6      | Gained mutation: Your system is resistant to poisons. (rPois) [Green Draconian growth]
  8551 | D:6      | Reached * piety under Sif Muna
  8952 | D:6      | Reached XP level 8. HP: 45/57 MP: 12/12
  9609 | D:6      | Reached skill level 5 in Poison Magic
  9653 | D:6      | Reached skill level 5 in Dodging
 10053 | D:4      | Bought a pair of crude gloves for 275 gold pieces
 10064 | D:4      | Identified the +1 pair of gloves "Hureno" {rF++} (You bought it in a shop on level 4 of the Dungeon)
 10294 | D:4      | Killed torrenera's ghost
 10614 | D:7      | Reached ** piety under Sif Muna
 10614 | D:7      | Reached skill level 5 in Conjurations
 10632 | D:7      | Found a sparkling altar of Nemelex Xobeh.
 10787 | D:7      | Noticed Falk's ghost (novice MfTm)
 11087 | D:7      | Found a snail-covered altar of Cheibriados.
 11294 | D:7      | Reached XP level 9. HP: 61/61 MP: 15/15
 11381 | D:7      | Found Deides's Magic Scroll Shoppe.
 11388 | D:7      | Bought a scroll of identify for 22 gold pieces
 11388 | D:7      | Bought a scroll of identify for 22 gold pieces
 11658 | D:8      | Found Pebaahu's Weapon Shop.
 11855 | D:8      | Found Duhif's Magic Scroll Boutique.
 12208 | D:8      | Reached *** piety under Sif Muna
 12208 | D:8      | Reached skill level 5 in Spellcasting
 12295 | D:8      | Bought a scroll of identify for 22 gold pieces
 12369 | D:8      | Found a staircase to the Lair.
 12764 | D:8      | Found Zuc Weogh's Armour Boutique.
 12955 | D:8      | Reached skill level 1 in Invocations
 13275 | D:7      | Reached XP level 10. HP: 61/68 MP: 18/18
 13344 | D:8      | Noticed a gargoyle
 13381 | D:8      | Killed a gargoyle
 13798 | D:8      | Reached **** piety under Sif Muna
 15369 | D:9      | Found a shimmering altar of Xom.
 16119 | D:10     | Entered Level 10 of the Dungeon
 17167 | D:10     | Reached skill level 5 in Invocations
 17862 | D:10     | Reached XP level 11. HP: 47/74 MP: 20/22
 18537 | D:10     | Found a staircase to the Orcish Mines.
 18687 | D:10     | Learned a level 1 spell: Magic Dart
 19434 | Lair:1   | Entered Level 1 of the Lair of Beasts
 19463 | Lair:1   | Mangled by a crocodile

Skill      XL: |  1  2  3  4  5  6  7  8  9 10 11 |
---------------+----------------------------------+-----
Dodging        | 2 3 4 5 7 8 |  8.8
Conjurations   | 2 3 4 5 7 8 |  8.0
Summonings     | 2 3 |  3.0
Air Magic      | 1 2 3 4 |  4.5
Poison Magic   | 1 2 3 4 6 7 |  7.2
Spellcasting   | 4 5 7 |  7.7
Invocations    | 1 5 6 |  6.1
Stealth        | |  1.7
Translocations | |  1.0

Action                   |  1- 3 |  4- 6 |  7- 9 | 10-12 || total
-------------------------+-------+-------+-------+-------++-------
Melee: Unarmed           |    27 |       |       |       ||    27
       Tailslap          |     2 |     8 |    43 |    59 ||   112
       Short sword       |    22 |   115 |   256 |       ||   393
       Dagger            |       |       |    57 |   480 ||   537
 Cast: Magic Dart        |    91 |   125 |   213 |   285 ||   714
       Call Imp          |     5 |    39 |    15 |    40 ||    99
       Mephitic Cloud    |       |     8 |     6 |     8 ||    22
Invok: Forget Spell      |       |       |       |     1 ||     1
 Abil: Breathe Noxious F |       |       |    35 |    39 ||    74
Evoke: Wand              |       |     1 |       |    14 ||    15
  Use: Scroll            |     6 |     3 |     7 |     1 ||    17
       Potion            |       |     1 |       |     1 ||     2
 Stab: Confused          |       |     3 |    23 |    23 ||    49
       Sleeping          |       |     1 |     1 |       ||     2
  Eat: Chunk             |     6 |    15 |     9 |    15 ||    45
       Bread ration      |     1 |       |     3 |     1 ||     5
       Fruit             |       |       |     1 |     6 ||     7
       Meat ration       |       |       |       |     1 ||     1
Armor: Skin              |    23 |    53 |   100 |   172 ||   348
Dodge: Dodged            |    44 |   111 |   250 |   421 ||   826
